 Dungeon Crawl Stone Soup version 0.32-a0-841-g4648e6c457 (webtiles) character file.

Game seed: 16259948201316211726

282064 Oysteroth the Skinwalker (level 20, -4/199 HPs)
             Began as a Naga Shapeshifter on Mar 13, 2024.
             Was a High Priest of Trog.
             Slain by a spriggan rider
             ... wielding a +0 spear
             ... led by the Enchantress
              (11 damage)
             ... on level 1 of the Depths on Mar 26, 2024.
             The game lasted 03:55:27 (46731 turns).

Oysteroth the Skinwalker (Naga Shapeshifter)       Turns: 46731, Time: 03:55:29

Health: -4/199     AC: 16    Str: 20    XL:     20   Next: 52%
Magic:  20/20      EV: 34    Int: 12    God:    Trog [*****.]
Gold:   4763       SH:  5    Dex: 22    Spells: 16/19 levels left

rFire   . .          .
                       - Unarmed
rCold   + . .        (shield currently unavailable)
rNeg    . . .        d - melded +1 troll leather armour {Snorg}
rPois   ∞            (helmet currently unavailable)
rElec   +            (cloak currently unavailable)
rCorr   .            V - melded +5 pair of gloves of the Little Devil {Will+}
SInv    +            K - melded +1 barding {Fly}
Will    ++...        y - amulet of reflection
Stlth   +++++        P - ring of Moetsyrist {rElec rC+ Dex+7 Stlth+}
HPRegen 0.53/turn    L - +4 ring of protection
MPRegen 0.17/turn

%: reflection
@: storm-form, untranslocatable, on berserk cooldown, flying, hasted and slowed
A: cleaving, insubstantial, flying, AC +6, large, see invisible, (deformed
body), (poison resistance), (slowness 2), spit poison 1, (naga tail 2)
}: 2/15 runes: decaying, gossamer
a: Spit Poison, Blinkbolt, Begin Untransformation, Renounce Religion, Berserk,
Trog's Hand, Brothers in Arms


You were on level 1 of the Depths.
You worshipped Trog.
Trog was extremely pleased with you.
You were a lightning-filled tempest!
You visited 8 branches of the dungeon, and saw 37 of its levels.
You also visited: Sewer, Gauntlet and Volcano.

You collected 5356 gold pieces.
You spent 593 gold pieces at shops.

Inventory:

Armour
 d - a +1 troll leather armour (melded) {Snorg}
 K - a +1 barding of flying (melded)
 N - a scarf of invisibility
 V - the +5 pair of gloves of the Little Devil (melded) {Will+}
   (You found it on level 12 of the Dungeon)

   Will+:     It increases your willpower.
Jewellery
 p - the ring of Dehiov {rN+ Str+4 Int+6}
   (You acquired it on level 5 of the Lair of Beasts)

   [ring of intelligence]

   Str+4:     It affects your strength (+4).
   Int+6:     It affects your intelligence (+6).
   rN+:       It protects you from negative energy.
 v - a ring of fire
 x - a ring of willpower
 y - an amulet of reflection (around neck)
 z - a ring of protection from fire
 L - a +4 ring of protection (right fist)
 P - the ring of Moetsyrist (left fist) {rElec rC+ Dex+7 Stlth+}
   (You found it in a Gauntlet)

   [ring of protection from cold]

   Dex+7:     It affects your dexterity (+7).
   rC+:       It protects you from cold.
   rElec:     It insulates you from electricity.
   Stlth+:    It makes you more stealthy.
 S - an amulet of regeneration
Talismans
 A - a storm talisman (active)
 O - a dragon-blood talisman
Wands
 e - a wand of charming (1)
 l - a wand of flame (62)
 w - a wand of iceblast (34)
 F - a wand of digging (7)
 J - a wand of light (32)
Scrolls
 a - 10 scrolls of fear
 c - a scroll of vulnerability
 f - 3 scrolls of butterflies
 g - 2 scrolls of enchant weapon
 h - 2 scrolls of revelation
 i - 2 scrolls of torment
 j - 5 scrolls of immolation
 m - 12 scrolls of teleportation
 n - 7 scrolls of identify
 o - 2 scrolls of brand weapon
 E - 2 scrolls of enchant armour
 H - 8 scrolls of poison
 Q - 6 scrolls of fog
 T - 4 scrolls of blinking
 W - 4 scrolls of amnesia
Potions
 b - 7 potions of lignification
 k - 5 potions of might
 q - 6 potions of attraction
 r - 6 potions of magic
 s - 6 potions of invisibility
 t - 5 potions of mutation
 u - 5 potions of resistance
 B - 2 potions of brilliance
 D - 3 potions of enlightenment
 G - 4 potions of berserk rage
 I - 7 potions of ambrosia
 M - 2 potions of curing
 X - 5 potions of heal wounds
 Y - 2 potions of cancellation {unknown}
 Z - 2 potions of haste
Miscellaneous
 U - a lightning rod (4/4)


   Skills:
 + Level 16.6 Fighting
 - Level 2.1 Armour
 + Level 6.2 Dodging
 - Level 8.7 Stealth
 + Level 17.4 Unarmed Combat
 - Level 24.0 Shapeshifting


You had 16 spell levels left.
You knew the following spells:

 Your Spells              Type           Power      Damage    Failure   Level
a - Apportation           Tloc           0%         N/A       32%         1
b - Blink                 Tloc           0%         N/A       45%         2

Your spell library contained the following spells:

 Spells                   Type           Power      Damage    Failure   Level
 Freeze                   Ice            0%         1d3       32%         1
 Necrotise                Necr           0%         1d4       32%         1
 Sandblast                Erth           0%         2d4       32%         1
 Shock                    Conj/Air       0%         1d3       32%         1
 Sting                    Conj/Alch      0%         1d3       32%         1
 Summon Small Mammal      Summ           0%         N/A       32%         1
 Lesser Beckoning         Tloc           0%         N/A       45%         2
 Momentum Strike          Conj/Tloc      0%         3d8       45%         2
 Frozen Ramparts          Ice            0%         1d1       69%         3
 Fugue of the Fallen      Necr           0%         N/A       69%         3
 Hailstorm                Conj/Ice       0%         3d5       69%         3
 Ozocubu's Armour         Ice            0%         N/A       69%         3
 Stone Arrow              Conj/Erth      0%         3d7       69%         3
 Swiftness                Air            0%         N/A       69%         3
 Tukima's Dance           Hex            0%         N/A       69%         3
 Airstrike                Air            0%         2d(0-16)  97%         4
 Brom's Barrelling Bould  Conj/Erth      0%         2d3       97%         4
 Dimensional Bullseye     Hex/Tloc       0%         N/A       97%         4
 Iskenderun's Mystic Bla  Conj/Tloc      0%         2d3       97%         4
 Manifold Assault         Tloc           0%         N/A       97%         4


Dungeon Overview and Level Annotations

Branches:
Dungeon (15/15)            Temple (1/1) D:7            Lair (5/5) D:11
  Swamp (4/4) Lair:3       Spider (4/4) Lair:3        Slime (0/5) Lair:4
    Orc (2/2) D:9             Elf (0/3) Orc:2        Vaults (5/5) D:13
  Crypt (0/3) Vaults:3     Depths (1/4) D:15          Sewer (visited)
Volcano (visited)         Gauntlet (visited)

Altars:
Ashenzari
Cheibriados
Dithmenos
Elyvilon
Fedhas
Gozag
Hepliaklqana
Kikubaaqudgha
Makhleb
Nemelex Xobeh
Okawaru
Qazlal
Ru
Sif Muna
Trog
Uskayaw
Vehumet
Wu Jian
Xom
Yredelemnul
Zin
The Shining One
Beogh
Jiyva
Lugonu

Shops:
D:5 [   D:8 (   Orc:2 :![*   Vaults:2 *   Vaults:3 (   Vaults:4 *

Annotations:
D:4 2 runed translucent doors, hattop's ghost, amateur DrSh
D:7 2 transporters
D:8 3 runed translucent doors, Vadun's ghost, novice DsGl
D:10 1 runed translucent door, Aldia's ghost, journeyman CoBe
D:12 1 runed translucent door, porpoise's ghost, journeyman MiHu
Lair:2 Nergalle
Spider:2 1 runed translucent door, juan097's ghost, adept FeBe
Vaults:3 3 runed translucent doors
Vaults:4 1 transporter


Innate Abilities, Weirdness & Mutations

You are a lightning-filled tempest!
Your electrical attacks strike out in all directions at once.
You are incredibly evasive.
Your insubstantial body is immune to petrification, constriction, and being set on fire You are flying.
Your armour is entirely melded.
You are incapable of wielding weapons or throwing items.
((Your serpentine skin is tough. (AC +6)))
You are immune to poison.
You have supernaturally acute eyesight. (SInv)
((Armour fits poorly on your strangely shaped body.))
((Your system is resistant to poisons. (rPois)))
((You cover ground very slowly.))
You can spit poison.
((You can use your snake-like lower body to constrict enemies.))


Message History

The spriggan defender blocks your attack.
The spriggan defender is severely wounded.
The spriggan rider misses you.
The spriggan defender blocks your attack.
The spriggan defender is severely wounded.
The spriggan berserker mumbles some strange prayers to Trog.
The spriggan berserker goes berserk!
The spriggan defender completely misses you.
You buffet the spriggan defender!
The spriggan defender is almost dead.
You block the spriggan rider's attack.
The spriggan defender blocks your attack.
You punch the spriggan defender.
The spriggan defender is almost dead.
The spriggan defender misses you.
You barely miss the spriggan defender.
The spriggan defender is almost dead.
You are no longer berserk.
You are exhausted.
You feel yourself slow down.
The spriggan defender hits you with a +0 demon whip of flaming!
* * * LOW HITPOINT WARNING * * *
The spriggan defender burns you.
* * * LOW HITPOINT WARNING * * *
The spriggan rider hits you but does no damage.
You feel yourself speed up.
The spriggan defender hits you with a +0 demon whip of flaming.
* * * LOW HITPOINT WARNING * * *
The spriggan defender burns you.
* * * LOW HITPOINT WARNING * * *
The spriggan defender closely misses you.
The spriggan rider hits you from afar with a +0 spear.
* * * LOW HITPOINT WARNING * * *
Your stone giant goes berserk!
The spriggan defender hits you with a +0 demon whip of flaming!!
* * * LOW HITPOINT WARNING * * *
The spriggan defender burns you!
* * * LOW HITPOINT WARNING * * *
The spriggan rider hits you from afar with a +0 spear!
You die...

#.# #†# # #[# ..
#.# ..$ #.# ....
#.# ....R #.#
....Yi########.#
....CiivC......#
....iC##########
....C .... ...
.. .


You could see a frost giant, 2 stone giants, an elephant (summoned, berserk), a
spriggan defender (ally target), a rakshasa, a spriggan rider, a spriggan
berserker (berserk, regenerating, strong-willed), a spriggan air mage (repels
missiles) and a friendly stone giant (summoned, berserk).

Vanquished Creatures
  Bai Suzhen (Swamp:3)
  the Enchantress (Depths:1)
  Jory (Vaults:4)
  Arachne (Spider:2)
  A lich (Depths:1)
  Asterion (Spider:2)
  2 sphinxes
  Agnes (Spider:2)
  Gastronok (Lair:3)
  Kirke (D:14)
  A thorn hunter (Swamp:3)
  A fenstrider witch (Swamp:4)
  2 ghouls (Swamp:4)
  3 ghost moths
  5 emperor scorpions (Spider:4)
  A curse skull (Vaults:3)
  4 vault wardens
  3 orc warlords
  2 spriggan defenders (Depths:1)
  2 very ugly things
  A broodmother (Spider:3)
  8 ironbound preservers
  7 eleionomae
  Nessos (D:13)
  3 ironbound thunderhulks
  2 bunyips
  11 dire elephants
  A spark wasp (Spider:3)
  Snorg (D:10)
  3 ettins
  A minotaur (Gauntlet)
  2 green deaths (Swamp:4)
  10 yaktaur captains
  2 crystal guardians (Vaults:4)
  3 fire dragons
  Erolcha (Orc:1)
  6 entropy weavers
  7 great orbs of eyes
  18 hydras
  3 vault guards
  A rakshasa (D:14)
  A peacekeeper (Vaults:4)
  A catoblepas (Lair:5)
  7 ironbound frosthearts
  A jorogumo (Spider:2)
  A ghost crab (Swamp:4)
  An ogre mage (D:13)
  8 boulder beetles
  2 hell beasts (Swamp:4)
  13 centaur warriors
  7 two-headed ogres
  2 radroaches
  6 alligators
  A death knight (D:14)
  3 death yaks
  A tengu warrior (D:15)
  4 orc high priests
  5 demonic crawlers
  A deep troll earth mage (D:14)
  A spriggan berserker (Depths:1)
  3 thrashing horrors (Swamp:4)
  A deep elf knight (D:13)
  A skyshark (Lair:5)
  Amaemon (D:10)
  5 pharaoh ants
  3 skeletal warriors
  A spriggan druid (Swamp:4)
  5 goliath frogs
  An orb spider (shapeshifter) (Vaults:4)
  19 deep trolls
  5 arcanists
  A sun moth (Spider:4)
  9 orb spiders
  2 phantasmal warriors
  7 bog bodies
  13 ironbound convokers
  8 lindwurms
  5 swamp dragons
  A harpy (shapeshifter) (D:14)
  A necromancer (D:15)
  2 steelbarb worms (Spider:1)
  4 deep elf pyromancers
  11 ugly things
  14 orc knights
  A lindwurm (shapeshifter) (D:14)
  A deep elf zephyrmancer (D:13)
  5 orc sorcerers
  17 wolf spiders
  2 will-o-the-wisps (Swamp:4)
  5 cyclopes
  2 manticores (Lair:5)
  10 elephants
  2 moths of wrath
  2 kobold blastminers (Orc:2)
  2 smoke demons (Gauntlet)
  4 orange demons
  5 torpor snails
  4 centaur skeletons (D:13)
  An apocalypse crab (Gauntlet)
  5 black mambas
  A gargoyle (D:11)
  15 vault sentinels
  Maggie (D:7)
  2 unseen horrors
  10 cane toads
  26 yaktaurs
  A rime drake (shapeshifter) (D:14)
  3 kobold demonologists (D:12)
  7 komodo dragons
  4 rime drakes
  A freezing wraith (Vaults:2)
  4 tengu conjurers
  A red devil (Gauntlet)
  7 tyrant leeches
  15 hornets
  7 trolls
  23 tarantellas
  A polar bear (Lair:3)
  Grinder (D:6)
  A wind drake (shapeshifter) (D:14)
  4 blink frogs
  11 dream sheep
  24 culicivoras
  26 jumping spiders
  10 spriggans
  28 slime creatures
  6 shadows
  4 wyverns
  2 wraiths
  A vampire (D:9)
  11 basilisks
  2 water elementals (D:14)
  55 yaks
  Grum (D:8)
  3 hogs (D:14)
  4 steam dragons
  17 vampire mosquitoes
  55 redbacks
  15 swamp worms
  Menkaure (D:7)
  14 water moccasins
  4 acid dragons
  3 swamp drakes (Lair:5)
  Duvessa (D:6)
  30 orc warriors
  2 ice beasts
  2 sky beasts
  15 ogres
  10 wolves
  6 centaurs
  A phantom (D:7)
  7 kobold brigands
  16 bullfrogs
  3 gnoll sergeants
  6 scorpions
  7 wights
  Dowan (D:6)
  15 killer bees
  8 electric eels
  5 howler monkeys
  6 crimson imps (Gauntlet)
  2 hounds
  2 bombardier beetles
  42 orc priests
  4 jellies
  A gnoll bouda (D:7)
  7 hell rats
  4 iguanas
  34 orc wizards
  16 gnolls
  6 adders
  A river rat (D:3)
  12 white imps
  2 ufetubi (D:7)
  5 dart slugs
  3 ribbon worms
  68 orcs
  12 endoplasms
  3 giant cockroaches
  10 goblins
  5 hobgoblins
  2 quokkas
  3 ball pythons
  5 bats
  A frilled lizard (Sewer)
  18 kobolds
  12 rats
1237 creatures vanquished.

Vanquished Creatures (collateral kills)
  An ironbound preserver (Vaults:3)
  An entropy weaver (Spider:4)
  A vault guard (Vaults:3)
  A hydra (Swamp:3)
  An ironbound frostheart (Vaults:3)
  A boulder beetle (Spider:1)
  A centaur warrior (Vaults:3)
  2 deep trolls (Vaults:3)
  A necromancer (Vaults:3)
  A sphinx simulacrum (Vaults:3)
  A tengu skeleton (Vaults:3)
  A yaktaur zombie (Vaults:3)
  A rime drake (Lair:5)
  3 hornets (Swamp:1)
  2 spriggans (Swamp:1)
  A redback (Spider:4)
  A human simulacrum (Vaults:3)
  A white imp (Orc:2)
22 creatures vanquished.

Vanquished Creatures (others)
  A centaur warrior (Vaults:3)
  A yaktaur (Vaults:4)
  2 foxfires (Swamp:4)
4 creatures vanquished.

Grand Total: 1263 creatures vanquished

Notes
Turn   | Place    | Note
-------+----------+-------------------------------------------
     0 | D:1      | Oysteroth the Naga Shapeshifter began the quest for the
                  | Orb.
     0 | D:1      | Reached XP level 1. HP: 18/18 MP: 1/1
   116 | D:1      | Reached XP level 2. HP: 25/25 MP: 2/2
   185 | D:1      | Reached skill level 1 in Stealth
   272 | D:1      | Reached XP level 3. HP: 28/31 MP: 3/3
  1033 | D:3      | Reached XP level 4. HP: 38/38 MP: 4/4
  1084 | D:3      | Found a shimmering blue altar of Sif Muna.
  1401 | D:3      | Found a glowing drain.
  1409 | Sewer    | Entered a sewer
  1819 | Sewer    | Noticed a kobold brigand
  1819 | Sewer    | Noticed a kobold brigand
  1828 | Sewer    | Killed a kobold brigand
  1829 | Sewer    | Reached skill level 4 in Shapeshifting
  1829 | Sewer    | Reached XP level 5. HP: 45/45 MP: 5/5
  1831 | Sewer    | Killed a kobold brigand
  1832 | Sewer    | Reached XP level 6. HP: 53/54 MP: 6/6
  1975 | D:3      | Found a broken altar of Ashenzari.
  2786 | D:4      | Found a runed translucent door.
  2797 | D:4      | Noticed hattop's ghost (amateur DrSh)
  2916 | D:4      | Learned a level 1 spell: Apportation
  2919 | D:4      | Learned a level 2 spell: Blink
  2930 | D:4      | Noticed an orc warrior
  2949 | D:4      | Killed an orc warrior
  2950 | D:4      | Reached skill level 5 in Unarmed Combat
  2950 | D:4      | Reached XP level 7. HP: 21/61 MP: 7/7
  3169 | D:4      | Reached skill level 5 in Shapeshifting
  3294 | D:4      | Found a runed translucent door.
  3462 | D:5      | Entered Level 5 of the Dungeon
  3613 | D:5      | Reached skill level 5 in Stealth
  3761 | D:5      | Reached XP level 8. HP: 61/69 MP: 8/8
  4332 | D:5      | Found Puosierpho's Antique Armour Shop.
  4343 | D:5      | Reached skill level 6 in Shapeshifting
  4571 | D:6      | Noticed Duvessa
  4571 | D:6      | Noticed Dowan
  4754 | D:6      | Found an iron altar of Okawaru.
  4775 | D:6      | Noticed Grinder
  4776 | D:6      | Paralysed by Grinder for 5 turns
  4788 | D:6      | Killed Grinder
  4789 | D:6      | Reached XP level 9. HP: 78/79 MP: 9/9
  4996 | D:6      | Killed Duvessa
  4999 | D:6      | Killed Dowan
  5243 | D:7      | Reached skill level 7 in Shapeshifting
  5310 | D:7      | Noticed Menkaure
  5321 | D:7      | Killed Menkaure
  5510 | D:7      | Reached skill level 5 in Fighting
  6178 | D:7      | Noticed Maggie
  6380 | D:7      | Found a transporter.
  6382 | D:7      | Noticed a kobold demonologist
  6393 | D:7      | Found a transporter.
  6500 | D:7      | Killed Maggie
  6501 | D:7      | Reached skill level 8 in Shapeshifting
  6501 | D:7      | Reached XP level 10. HP: 64/88 MP: 10/10
  6519 | D:7      | Noticed a kobold demonologist
  6589 | D:7      | Found a staircase to the Ecumenical Temple.
  6604 | Temple   | Entered the Ecumenical Temple
  6613 | Temple   | Became a worshipper of Trog the Wrathful
  6884 | D:7      | Found a glowing golden altar of the Shining One.
  7333 | D:8      | Noticed Grum
  7343 | D:8      | Killed Grum
  7584 | D:8      | Found a runed translucent gate.
  7584 | D:8      | Found a runed translucent gate.
  7584 | D:8      | Found a runed translucent gate.
  7586 | D:8      | Noticed a nine-headed hydra
  7589 | D:8      | Noticed Vadun's ghost (novice DsGl)
  7871 | D:8      | Reached skill level 9 in Shapeshifting
  7895 | D:8      | Reached * piety under Trog
  8148 | D:8      | Found an ancient bone altar of Kikubaaqudgha.
  8240 | D:8      | Identified the +2 battleaxe "Quhoh" {chaos, *Rage rC+
                  | Str+2}
  8371 | D:8      | Found a snail-covered altar of Cheibriados.
  8419 | D:8      | Found Doowuez's Weapon Shop.
  8507 | D:9      | Found an ornate altar of the Wu Jian Council.
  8670 | D:9      | Reached XP level 11. HP: 97/100 MP: 11/11
  8686 | D:9      | Identified the +6 halberd of Shame {freeze, rN+ Str+3}
  8730 | D:9      | Reached skill level 10 in Unarmed Combat
  8730 | D:9      | Reached skill level 10 in Shapeshifting
  9059 | D:9      | Found a burning altar of Makhleb.
  9437 | D:9      | Reached skill level 1 in Armour
  9596 | D:9      | Reached ** piety under Trog
 10212 | D:9      | Found a staircase to the Orcish Mines.
 10565 | D:9      | Found a hazy altar of Hepliaklqana.
 10840 | D:9      | Reached skill level 11 in Shapeshifting
 10999 | D:5      | Bought a barding for 483 gold pieces
 11103 | D:10     | Entered Level 10 of the Dungeon
 11207 | D:10     | Noticed Amaemon
 11261 | D:10     | Killed Amaemon
 11672 | D:10     | Found a sacrificial altar of Ru.
 11687 | D:10     | Noticed Snorg
 11703 | D:10     | Killed Snorg
 11704 | D:10     | Reached XP level 12. HP: 112/112 MP: 12/12
 11763 | D:10     | Found a runed translucent door.
 11764 | D:10     | Noticed Aldia's ghost (journeyman CoBe)
 11831 | D:10     | Found an opulent altar of Gozag.
 12157 | D:10     | Reached *** piety under Trog
 12160 | D:10     | Found a viscous altar of Jiyva.
 12260 | D:11     | Noticed a two-headed ogre
 12285 | D:11     | Reached skill level 12 in Shapeshifting
 12329 | D:11     | Killed a two-headed ogre
 12740 | D:11     | Found a staircase to the Lair.
 12818 | Lair:1   | Entered Level 1 of the Lair of Beasts
 12900 | Lair:1   | Noticed a boulder beetle
 12908 | Lair:1   | Killed a boulder beetle
 13008 | Lair:1   | Found a dark tunnel.
 13013 | Volcano  | Entered a volcano
 14113 | Lair:2   | Reached skill level 13 in Shapeshifting
 14434 | Lair:2   | Noticed Nergalle
 14537 | Lair:2   | Reached skill level 10 in Fighting
 14625 | Lair:2   | Gained mutation: You can use your snake-like lower body to
                  | constrict enemies. [Naga growth]
 14625 | Lair:2   | Reached XP level 13. HP: 123/123 MP: 13/13
 15280 | Lair:3   | Reached **** piety under Trog
 15516 | Lair:3   | Found a staircase to the Swamp.
 15565 | Lair:3   | Found a hole to the Spider Nest.
 15629 | Lair:3   | Noticed Gastronok
 15784 | Lair:3   | Reached skill level 14 in Shapeshifting
 16699 | Lair:4   | Found a staircase to the Slime Pits.
 17442 | Lair:5   | Entered Level 5 of the Lair of Beasts
 17840 | Lair:5   | Identified 4 scrolls of acquirement
 17841 | Lair:5   | Acquired the ring of Dehiov {rN+ Str+4 Int+6}
 17845 | Lair:5   | Acquired a storm talisman
 17848 | Lair:5   | Acquired 1142 gold pieces
 17850 | Lair:5   | Acquired a ring of willpower
 17980 | Lair:5   | Reached XP level 14. HP: 133/135 MP: 14/14
 18773 | Lair:5   | Reached skill level 15 in Shapeshifting
 19855 | Lair:5   | Identified the +5 rapier of Wopocuw {speed, rF- rN+ MP+9
                  | Str+3}
 20152 | Lair:5   | Identified the +3 orcbow "Ydinemo" {drain, *Slow rElec
                  | Dex+3 Stlth+}
 20493 | Orc:1    | Entered Level 1 of the Orcish Mines
 20912 | Orc:2    | Entered Level 2 of the Orcish Mines
 20912 | Orc:2    | Found a staircase to the Elven Halls.
 20935 | Orc:2    | Reached skill level 5 in Dodging
 21376 | Orc:1    | Reached ***** piety under Trog
 21657 | Orc:2    | Found Cuuzi's General Store.
 21657 | Orc:2    | Found Yqeojeduw's Book Shop.
 21657 | Orc:2    | Found Onisad's Antique Armour Boutique.
 21660 | Orc:2    | Found Nujoubac's Distillery.
 21679 | Orc:2    | Bought a potion of haste for 110 gold pieces
 22651 | Orc:1    | Noticed Erolcha
 22655 | Orc:1    | Killed Erolcha
 23408 | D:12     | Reached XP level 15. HP: 145/145 MP: 15/15
 23722 | D:12     | Reached skill level 16 in Shapeshifting
 23787 | D:12     | Identified the +5 pair of gloves of the Little Devil
                  | {Will+}
 23859 | D:12     | Found a runed translucent door.
 23866 | D:12     | Noticed porpoise's ghost (journeyman MiHu)
 23880 | D:12     | Found a corrupted altar of Lugonu.
 24498 | D:13     | Noticed Nessos
 24506 | D:13     | Killed Nessos
 24717 | D:13     | Found a gate leading to a gauntlet.
 24730 | Gauntlet | Entered a Gauntlet
 24730 | Gauntlet | Found a transporter.
 24730 | Gauntlet | Found a transporter.
 24731 | Gauntlet | Found a transporter.
 24734 | Gauntlet | Found a transporter.
 24734 | Gauntlet | Found a transporter.
 24746 | Gauntlet | Found a transporter.
 24750 | Gauntlet | Found a transporter.
 24764 | Gauntlet | Found a transporter.
 24765 | Gauntlet | Found a transporter.
 24765 | Gauntlet | Found a transporter.
 24792 | Gauntlet | Found a transporter.
 24802 | Gauntlet | Found a transporter.
 24962 | Gauntlet | Identified the +5 mace "Juofaar" {spect, rF+ SInv}
 25039 | Gauntlet | Identified the +6 flail "Ocomumuf" {drain, rC- Dex+3 SInv}
 25052 | Gauntlet | Identified the ring of Moetsyrist {rElec rC+ Dex+7 Stlth+}
 25124 | Gauntlet | Identified the staff "Owuci" {^Fragile rN+ Earth Alchemy}
 25377 | D:13     | Identified the +5 bardiche of Twilight {flame, rN+++} (Trog
                  | gifted it to you on level 13 of the Dungeon)
 25377 | D:13     | Received a gift from Trog
 26065 | D:13     | Found a gate to the Vaults.
 26135 | D:13     | Acquired a +1 barding of flying
 26736 | Lair:3   | Killed Gastronok
 26747 | Swamp:1  | Entered Level 1 of the Swamp
 27535 | Swamp:1  | Reached skill level 17 in Shapeshifting
 27913 | Swamp:2  | Reached XP level 16. HP: 157/157 MP: 16/16
 28169 | Swamp:3  | Noticed Bai Suzhen
 28376 | Swamp:3  | Killed Bai Suzhen
 28623 | Swamp:3  | Noticed a thorn hunter
 28635 | Swamp:3  | Received a gift from Trog
 28639 | Swamp:3  | Killed a thorn hunter
 28646 | Swamp:3  | Noticed a fenstrider witch
 29318 | Swamp:4  | Entered Level 4 of the Swamp
 29820 | Swamp:4  | Paralysed by a fenstrider witch for 5 turns
 29827 | Swamp:4  | Killed a fenstrider witch
 29828 | Swamp:4  | Reached skill level 18 in Shapeshifting
 29996 | Swamp:4  | Reached skill level 15 in Unarmed Combat
 30535 | Swamp:4  | Received a gift from Trog
 30801 | Swamp:4  | Reached XP level 17. HP: 156/168 MP: 17/17
 31004 | Swamp:4  | Got a decaying rune of Zot
 31228 | Swamp:4  | Upgraded the game from 0.32-a0-685-g93135e86f0 to
                  | 0.32-a0-699-g1ee5eff69a
 31365 | Spider:1 | Entered Level 1 of the Spider Nest
 31756 | Spider:1 | Reached skill level 19 in Shapeshifting
 31832 | Spider:1 | Received a gift from Trog
 32264 | Spider:2 | Noticed Agnes
 32276 | Spider:2 | Killed Agnes
 32522 | Spider:2 | Found a runed translucent door.
 32524 | Spider:2 | Found a shimmering altar of Xom.
 32524 | Spider:2 | Noticed juan097's ghost (adept FeBe)
 32596 | Spider:2 | Noticed Arachne
 32600 | Spider:2 | Killed Arachne
 32721 | Spider:2 | Reached skill level 15 in Fighting
 32769 | Spider:2 | Noticed Asterion
 32776 | Spider:2 | Killed Asterion
 33609 | Spider:3 | Received a gift from Trog
 33989 | Spider:4 | Entered Level 4 of the Spider Nest
 34553 | Spider:3 | Upgraded the game from 0.32-a0-699-g1ee5eff69a to
                  | 0.32-a0-834-geaf45d8e21
 35505 | Spider:4 | Reached XP level 18. HP: 178/178 MP: 18/18
 36030 | Spider:4 | Reached skill level 20 in Shapeshifting
 36034 | Spider:4 | Received a gift from Trog
 36627 | Spider:4 | Got a gossamer rune of Zot
 36984 | D:14     | Found a broken altar of Ashenzari.
 37053 | D:14     | Noticed Kirke
 37064 | D:14     | Killed Kirke
 37652 | D:14     | You are sucked into a shaft and drop 1 floor!
 37652 | D:15     | Entered Level 15 of the Dungeon
 37838 | D:15     | Found a roughly hewn altar of Beogh.
 38080 | D:15     | Reached ****** piety under Trog
 38612 | D:15     | Found a staircase to the Depths.
 38948 | Vaults:1 | Entered Level 1 of the Vaults
 39178 | Vaults:1 | Identified the +9 eveningstar "Hiaps" {flame, rC+ rN++
                  | Str+3} (Trog gifted it to you on level 1 of the Vaults)
 39178 | Vaults:1 | Received a gift from Trog
 39554 | Vaults:1 | Reached skill level 21 in Shapeshifting
 39801 | D:13     | Reached XP level 19. HP: 113/190 MP: 19/19
 40834 | Vaults:2 | Upgraded the game from 0.32-a0-834-geaf45d8e21 to
                  | 0.32-a0-841-g4648e6c457
 41031 | Vaults:2 | Found Juqy's Assorted Antiques.
 41671 | Vaults:2 | Received a gift from Trog
 42145 | Vaults:2 | Reached skill level 22 in Shapeshifting
 42544 | Vaults:3 | Found a staircase to the Crypt.
 42873 | Vaults:3 | Found a runed translucent gate.
 42873 | Vaults:3 | Found a runed translucent gate.
 42873 | Vaults:3 | Found a runed translucent gate.
 43344 | Vaults:3 | Found Neruot's Weapon Boutique.
 43353 | Vaults:3 | Identified the +5 arbalest of Cablomp {speed, rPois Str+2
                  | Int-5 SInv}
 43377 | Vaults:3 | Identified the +5 glaive of Corporal Punishment {flame,
                  | rF+} (Trog gifted it to you on level 3 of the Vaults)
 43377 | Vaults:3 | Received a gift from Trog
 43565 | Vaults:3 | Found Culanogu's Armour Emporium.
 43740 | Vaults:3 | Identified the +6 hand cannon of Loalam {speed, Fly rElec
                  | rC- rN+}
 43996 | Vaults:3 | Reached skill level 23 in Shapeshifting
 44001 | Vaults:3 | Reached XP level 20. HP: 135/199 MP: 20/20
 44713 | Vaults:4 | Noticed Jory
 44733 | Vaults:4 | Killed Jory
 44804 | Vaults:4 | Found Kanid's General Store.
 44853 | Vaults:4 | Found a transporter.
 44856 | Vaults:4 | Identified the amulet of Monotheism {Reflect Dex+5 SH+5}
 44945 | Vaults:4 | Received a gift from Trog
 45815 | Vaults:4 | Reached skill level 24 in Shapeshifting
 46475 | Vaults:5 | Entered Level 5 of the Vaults
 46646 | Depths:1 | Entered Level 1 of the Depths
 46693 | Depths:1 | Noticed the Enchantress
 46713 | Depths:1 | Killed the Enchantress
 46731 | Depths:1 | HP: 7/199 [spriggan defender/+0 demon whip of flaming[the
                  | Enchantress] (14)]
 46731 | Depths:1 | Slain by a spriggan rider

Illustrated notes

Levels and vault maps discovered:
D:1:      spicycebolla_arrival_xxxplode, layout_rooms
D:2:      layout_rooms
D:3:      layout_basic, mainiacjoe_overflow_concentric_impassable, led_sif_pool,
          portal_sewer_entry_a, supply_closet_lemuel
D:4:      layout_cave_pools, ebering_ghost_sewer_f, guppyfry_early_orc_mine
D:5:      layout_loops_corners, serial_shops, nicolae_shop_just_a_little_nook
D:6:      layout_rooms, okawaru_metal_pillars_1_2, uniq_duvessa, uniq_grinder
D:7:      gammafunk_wand_slinger, layout_loops_ring, tso_metal_star,
          minmay_temple_entry_slanted, minmay_fractal_squares_gapless_5,
          uniq_menkaure, uniq_maggie
D:8:      layout_rooms, mainiacjoe_overflow_paths, slow_altar_1,
          gammafunk_ghost_hydra_chop, serial_shops, shop, fountainhead,
          uniq_grum
D:9:      cheibrodos_barr_body, layout_stronghold,
          nicolae_wu_jian_immortal_techniques, nicolae_hepliaklqana_hazy_memory,
          lemuel_coloured_pillars_altar, kennysheep_orc_monster_closet_entryway
D:10:     layout_roguey, lemuel_round_altar, nicolae_gozag_seed_capital,
          ebering_ghost_reflecting_pool, enter_bailey_7, jiyva_altar_1,
          uniq_amaemon, uniq_snorg
D:11:     layout_stronghold, erik_lair_orcish_takeover, kennysheep_small_square
D:12:     kennysheep_kobold_lugonu_temple, layout_loops_ring,
          gammafunk_ghost_grave, serial_bayou_ford_a,
          nicolae_elevator_lobby_asterisk
D:13:     layout_irregular_city, hangedman_vaults_entry_quadrant_bands,
          gauntlet_entry_generic, serial_bayou_pond_a, disabler_island,
          uniq_nessos
D:14:     minmay_octo_star, layout_irregular_city, kennysheep_cross_bottleneck,
          ashenzari_conservatory_becter, uniq_kirke
D:15:     hangedman_depths_entry_civil_slaughter, layout_long_grid, special_room
          [special_room_orc]
Temple:   nicolae_temple_ecumenical_triangle
Lair:1:   layout_loops_ring, nicolae_volcano_entry_s_turn,
          nicolae_lair_grove_arrangements, nzn_sisyphean_effort
Lair:2:   layout_roguey, chequers_serial_rivers_marsh, uniq_nergalle
Lair:3:   layout_misc_corridors, minmay_swamp_entry_swarm,
          nicolae_spider_entry_tight_spaces, serial_bayou_shore_a,
          uniq_gastronok
Lair:4:   layout_hall_layers, slime_entry_1, grunt_megastairs_4,
          infiniplex_staircase_pool_2
Lair:5:   hangedman_lair_in_review, layout_regular_city,
          guppyfry_lair_end_dragon
Swamp:1:  layout_falls_marsh, serial_swamp_ruin, evilmike_swamp_ruin_rubble_1,
          evilmike_swamp_ruin_house_1
Swamp:2:  layout_falls_marsh, nicolae_swamp_bean_lake
Swamp:3:  layout_basic_swamp, evilmike_swamp_ruin_house_5, lightli_tree_ring,
          uniq_bai_suzhen
Swamp:4:  swamp_vile, layout_basic_swamp, swamp_pool_4,
          nicolae_swamp_tree_designs
Spider:1: layout_spider_delve
Spider:2: layout_spider_delve, ebering_ghost_xom, uniq_asterion, uniq_agnes,
          uniq_arachne
Spider:3: layout_spider_delve
Spider:4: spider_rune_water
Orc:1:    layout_diamond_mine, uniq_erolcha
Orc:2:    st_orc_mages, layout_caves, portal_ice_cave_entry_imps
Vaults:1: nicolae_vaults_storage_closets_3, vaults_mumra_hex,
          nicolae_vaults_angled_halls, nicolae_vaults_tetromino_L_1,
          layout_vaults_omnigrid
Vaults:2: v_misc_4, nicolae_vaults_surprise_closet,
          nicolae_vaults_hexular_roomagon, nicolae_vaults_closet_pinwheel_6,
          nicolae_vaults_closet_pinwheel_4, nicolae_vaults_sealed_display,
          vaults_standard_mumra_lines, nicolae_vaults_trapezoid_layered,
          nicolae_vaults_trapezoid_lopsided_2, nicolae_vaults_layer_cake_slice,
          v_alt_pattern_1, v_misc_15, nicolae_vaults_swerve,
          layout_vaults_maze_bifur, serial_shops, shop
Vaults:3: v_misc_12, nicolae_vaults_storage_room_doors, vaults_dpeg_diagonal,
          minmay_crypt_entry_simple_corners, abrahamwl_protected_by_tso_3,
          ontoclasm_vaults_ligature, nicolae_vaults_taking_the_gang_shopping,
          lightli_orcish_oven, nicolae_vaults_yaktaur_gun_rack,
          ontoclasm_vaults_ring_square, nicolae_vaults_offset_grid_hallway_3,
          nicolae_vaults_cochlea, nicolae_vaults_mitosis, layout_vaults_omnibox,
          serial_shops, nicolae_shop_behind_doors
Vaults:4: vaults_room_hallway, v_misc_18, gammafunk_the_bubble
          [the_bubble_gammafunk_crates], nicolae_vaults_meiosis,
          vaults_dpeg_spiral, v_misc_29, ontoclasm_vaults_loading_screen,
          grunt_vaults_funnel, nicolae_vaults_turnstiles,
          nicolae_vaults_closet_pinwheel_4, layout_vaults_chaotic_city,
          serial_shops, shop_statue, uniq_jory
Vaults:5: uniq_boris
Depths:1: dreamdust_tengu_aerie, layout_basic, enter_ziggurat_e,
          abyss_entry_flame_altar, hell_entry,
          minmay_the_grid_square_5x5_3x3_mashed
          [minmay_the_grid_square_5x5_corner,
          minmay_the_grid_square_5x5_inner_i, minmay_the_grid_square_5x5_tie,
          minmay_the_grid_square_5x5_two,
          minmay_the_grid_square_5x5_megaprize_crossed,
          minmay_the_grid_square_5x5_pentomino_r,
          minmay_the_grid_square_5x5_slash,
          minmay_the_grid_square_5x5_fancy_junction,
          minmay_the_grid_square_5x5_spiral], uniq_enchantress, uniq_mara

Skill      XL: |  1  2  3  4  5  6  7  8  9 10 11 12 13 14 15 16 17 18 19 20 |
---------------+-------------------------------------------------------------+-----
Stealth        | 1 3 4 5 6 8 |  8.7
Fighting       | 2 3 4 5 7 8 10 11 12 13 14 15 16 | 16.6
Unarmed Combat | 4 5 7 8 9 10 11 12 13 14 15 16 17 | 17.4
Shapeshifting  | 4 5 6 8 9 11 13 14 15 17 18 19 21 23 24 | 24.0
Armour         | 2 |  2.1
Dodging        | 3 5 6 |  6.2

Action                     |  1- 3 |  4- 6 |  7- 9 | 10-12 | 13-15 | 16-18 | 19-21 || total
---------------------------+-------+-------+-------+-------+-------+-------+-------++-------
  Melee: Unarmed           |    54 |   103 |   209 |   668 |   812 |   826 |   434 ||  3106
         Punch             |       |     1 |     9 |    24 |     5 |    83 |    70 ||   192
         Maw               |       |       |       |    48 |       |       |       ||    48
         Constrict         |       |       |       |     2 |   193 |     1 |       ||   196
         Tailslap          |       |       |       |       |       |   121 |       ||   121
         Bite              |       |       |       |       |       |    98 |       ||    98
 Invoke: Berserk           |       |       |       |    10 |    15 |     6 |     4 ||    35
         Trog's Hand       |       |       |       |     1 |     3 |     4 |     1 ||     9
         Brothers in Arms  |       |       |       |       |     4 |     4 |     4 ||    12
Ability: Spit Poison       |    32 |    35 |    65 |    78 |    31 |    18 |       ||   259
         Begin Untransform |       |       |       |       |     1 |       |       ||     1
         Breathe Fire      |       |       |       |       |       |    61 |       ||    61
         Blinkbolt         |       |       |       |       |       |       |     8 ||     8
  Evoke: Wand              |       |     1 |     9 |     1 |     1 |     1 |       ||    13
    Use: Potion            |       |     1 |       |     1 |       |     6 |     2 ||    10
         Scroll            |       |     1 |     7 |     4 |    19 |     5 |       ||    36
   Stab: Invisible         |       |     1 |     3 |     1 |       |       |       ||     5
         Sleeping          |       |       |     1 |     5 |    17 |    23 |    24 ||    70
         Distracted        |       |       |       |     2 |     1 |     2 |     3 ||     8
 Armour: Animal skin       |     9 |       |       |       |       |       |       ||     9
         Ring mail         |    12 |    75 |    65 |       |       |       |       ||   152
         Skin              |       |     6 |    41 |   253 |   743 |   926 |   166 ||  2135
         Acid dragon scale |       |       |       |   102 |       |       |       ||   102
         Troll leather arm |       |       |       |    79 |       |       |       ||    79
  Dodge: Dodged            |    18 |    40 |    92 |   243 |   328 |   398 |   368 ||  1487
  Block: Other             |       |     7 |    36 |   108 |   149 |   101 |    49 ||   450
         Reflection        |       |       |     5 |     2 |     4 |       |     4 ||    15
   Form: Flux              |       |       |     1 |     1 |       |       |       ||     2
         Beast             |       |       |       |     1 |       |       |       ||     1
         Maw               |       |       |       |     5 |     1 |       |       ||     6
         Blade             |       |       |       |     4 |       |       |       ||     4
         Serpent           |       |       |       |     1 |     4 |       |       ||     5
         Statue            |       |       |       |       |     4 |       |       ||     4
         Storm             |       |       |       |       |     1 |     1 |       ||     2
         Dragon            |       |       |       |       |       |     2 |       ||     2
                           |       |       |       |       |       |     1 |       ||     1

Table legend: (Time is in decaauts)
 A = Elapsed time spent in this place.
 B = Non-inter-level travel time spent in this place.
 C = Inter-level travel time spent in this place.
 D = Time resting spent in this place.
 E = Time spent auto-exploring this place.
 F = Levels seen in this place.
 G = Mean time per level.
                   A        B        C        D        E       F      G
               +--------+--------+--------+--------+--------+-----+--------+
         Total |  50453 |  47411 |   3042 |  10498 |  26151 |  40 | 1261.3 |
       Dungeon |  21314 |  19735 |   1579 |   2310 |  12784 |  15 | 1420.9 |
        Temple |     25 |      3 |     22 |      0 |      0 |   1 |   25.0 |
          Lair |   7801 |   7283 |    518 |   1855 |   3821 |   5 | 1560.2 |
         Swamp |   5151 |   5007 |    144 |   2018 |   2090 |   4 | 1287.8 |
   Spider Nest |   5377 |   5009 |    368 |   2024 |   1682 |   4 | 1344.2 |
  Orcish Mines |   2240 |   2171 |     69 |    355 |   1364 |   2 | 1120.0 |
        Vaults |   7132 |   6793 |    339 |   1484 |   4077 |   5 | 1426.4 |
        Depths |     64 |     64 |      0 |      0 |     15 |   1 |   64.0 |
         Sewer |    517 |    517 |      0 |     85 |    255 |   1 |  517.0 |
       Volcano |    411 |    411 |      0 |    365 |      0 |   1 |  411.0 |
      Gauntlet |    416 |    416 |      0 |      0 |     63 |   1 |  416.0 |
               +--------+--------+--------+--------+--------+-----+--------+

Top non-repeatable levels by time:
     D:9: 2788 daAuts
     D:7: 2403 daAuts
Spider:3: 2386 daAuts
  Lair:5: 2341 daAuts
    D:13: 2214 daAuts
Vaults:4: 2020 daAuts
Vaults:2: 1923 daAuts
 Swamp:4: 1743 daAuts
Vaults:3: 1715 daAuts
  Lair:3: 1624 daAuts
     D:3: 1481 daAuts
     D:5: 1479 daAuts
Vaults:1: 1471 daAuts
     D:8: 1425 daAuts
    D:12: 1389 daAuts
